 Dungeon Crawl Stone Soup version 0.19-a0-1193-g2641e52 (webtiles) character file.

2470 Aquadorian the Slicer (level 9, -2/56 HPs)
             Began as an Octopode Berserker on Aug 19, 2016.
             Was an Elder of Trog.
             Slain by a gnoll
             ... wielding a +0 spear
              (12 damage)
             ... on level 7 of the Dungeon.
             The game lasted 00:37:54 (8147 turns).

Aquadorian the Slicer (Octopode Berserker)          Turns: 8147, Time: 00:37:54

Health: -2/56      AC:  1    Str: 21    XL:     9   Next: 51%
Magic:  9/9        EV: 13    Int: 10    God:    Trog [****..]
Gold:   397        SH:  4    Dex: 14    Spells: 0 memorised, 8 levels left

rFire  . . .     SeeInvis .     v - +1 short sword (speed)
rCold  . . .     Gourm    +     E - +1 buckler
rNeg   . . .     Faith    .     (helmet restricted)
rPois  .         Spirit   .     y - amulet of the gourmand
rElec  .         Dismiss  .     (no ring)
rCorr  .         Reflect  .     (no ring)
MR     .....     Harm     .     (no ring)
Stlth  ++++......               (no ring)
                                (no ring)
                                (no ring)
                                (no ring)
                                (no ring)

@: mighty, exhausted, slowed, very slow
A: almost no armour, amphibious, 8 rings, constrict 8, camouflage 1, gelatinous
body 1
a: Berserk, Trog's Hand, Brothers in Arms, Burn Spellbooks, Renounce Religion


You were on level 7 of the Dungeon.
You worshipped Trog.
Trog was greatly pleased with you.
You were very full.

You visited 1 branch of the dungeon, and saw 7 of its levels.
You also visited: Sewer.

You collected 397 gold pieces.

Inventory:

Hand Weapons
 i - a +0 hunting sling
 v - a +1 short sword of speed (weapon)
Missiles
 g - 7 needles of sleeping
 k - 48 sling bullets
 n - 48 arrows
 t - 23 bolts
Armour
 f - a +0 shield
 E - a +1 buckler (worn)
Jewellery
 j - an uncursed amulet of harm
 m - an uncursed ring of flight {unknown}
 y - an amulet of the gourmand (around mantle)
 z - an uncursed ring of fire
Wands
 x - a wand of paralysis (2/24)
 B - a wand of iceblast (6/15)
 C - a wand of flame (38/48)
Scrolls
 c - 5 scrolls of identify
 d - a scroll of enchant weapon
 o - 2 scrolls of blinking
 p - a scroll of teleportation
 F - a scroll of fear {unknown}
 G - a scroll of remove curse
Potions
 a - a potion of degeneration {unknown}
 e - 4 potions of might
 l - 6 potions of curing
 q - a potion of brilliance {unknown}
 r - a potion of heal wounds
 s - a potion of cancellation {unknown}
 u - 2 potions of haste {unknown}
 A - 2 potions of flight {unknown}
 I - a potion of magic {unknown}
Books
 D - a Grand Grimoire

   Spells                             Type                      Level
   a - Monstrous Menagerie            Summoning                    7
   b - Summon Greater Demon           Summoning                    7
   c - Malign Gateway                 Summoning/Translocation      7
   d - Summon Horrible Things         Summoning                    8
   Trog disapproves of the use of such an item.
 H - a book of the Warp

   Spells                             Type                      Level
   a - Gell's Gravitas                Hexes/Translocation          3
   b - Force Lance                    Conjuration/Translocation    4
   c - Summon Forest                  Summoning/Translocation      5
   d - Dispersal                      Translocation                6
   e - Controlled Blink               Translocation                8
   f - Disjunction                    Translocation                8
   Trog disapproves of the use of such an item.
Comestibles
 b - 7 bread rations
 h - 2 meat rations
 w - a beef jerky


   Skills:
 - Level 3.0 Fighting
 - Level 12.0 Short Blades
 - Level 3.0 Dodging
 + Level 5.1 Stealth


You had 8 spell levels left.
You didn't know any spells.

Dungeon Overview and Level Annotations

Branches:
Dungeon (7/15)             Temple (0/1) D:6

Altars:
Gozag
Nemelex Xobeh
Ru
Sif Muna

Shops:
D:4 ?   D:6 [

Annotations:
D:3 Blork the orc


Innate Abilities, Weirdness & Mutations

You cannot wear most types of armour.
You are amphibious.
You can wear up to eight rings at the same time.
You can use your tentacles to constrict eight enemies at once.
Your skin changes colour to match your surroundings (Stealth+).
Your rubbery body absorbs attacks. (AC +1, EV +1)


Message History

You see here a gnoll corpse.
The orc wizard hits you with a dagger. The gnoll hits you but does no damage.
Things that are here:
an enchanted whip; a leather armour; a halberd of freezing The gnoll barely misses you.
The orc wizard gestures wildly while chanting.
The orc wizard blinks!
The gnoll barely misses you. The gnoll barely misses you.
The orc warrior closely misses you.
You feel very mighty all of a sudden. The gnoll misses you.
The gnoll hits you from afar with a spear!
* * * LOW HITPOINT WARNING * * *
You block the orc warrior's attack.
The gnoll hits you from afar with a spear.
* * * LOW HITPOINT WARNING * * *
The gnoll hits you from afar with a spear!
You die...

#≈≈≈.....P.....'...'..###♣
#≈≈≈...........'...#.>#♣..
#≈≈............#...####(..
#≈≈............#####...P..
#≈≈....####.............o.
#≈≈....# +..........o..P.
#≈≈≈...# #...####..)#
#≈≈≈...####...+ #.†o#
#≈≈≈≈....@ogo.# #.).#
#≈≈≈≈..P...g..####o).####.
#≈≈≈≈≈.......o......).....
#≈≈≈≈≈........≈≈....≈...≈≈
#≈≈≈≈≈≈.≈≈≈≈≈..≈≈≈≈≈≈≈.≈≈≈
#≈≈≈≈≈≈≈≈≈≈≈≈≈≈≈≈≈≈≈≈≈≈≈≈≈
#≈≈≈≈≈≈≈≈≈≈≈≈≈≈≈≈≈≈≈≈≈≈≈≈≈
##########################


You could see an orc warrior, an orc wizard, 2 gnolls and an orc.

Vanquished Creatures
  Pikel (D:6)
  The ghost of Sagrath01 the Sneak, an amateur DsWn (D:3)
  Menkaure (D:6)
  An ice beast (D:5)
  A slave (D:6)
  A black bear (D:7)
  4 phantoms
  A sky beast (D:5)
  An ogre (D:6)
  2 giant frogs (Sewer)
  An elf skeleton (D:6)
  2 giant frog zombies
  A human zombie (D:6)
  A centaur zombie (D:6)
  2 jellies
  2 gnoll shamans (D:7)
  A hound (D:6)
  An iguana (D:4)
  2 human skeletons (D:6)
  2 orc wizards (D:6)
  A worker ant (D:7)
  3 worker ant zombies
  16 adders
  13 gnolls
  3 oozes
  4 worms
  5 dart slugs
  11 giant geckos
  17 orcs
  3 ball pythons
  10 bats
  7 giant cockroaches
  8 goblins
  17 hobgoblins
  13 jackals
  6 kobolds
  4 quokkas
  9 giant newts
  A jackal skeleton (D:7)
  10 rats
190 creatures vanquished.

Vanquished Creatures (others)
  A slave (D:6)
  An elf zombie (D:6)
  A crimson imp (D:6)
  A hound (D:6)
  A human skeleton (D:6)
  2 howler monkey skeletons (D:6)
  An adder (D:6)
  A shadow imp (D:6)
  An adder skeleton (D:6)
  5 orcs (D:6)
  A quokka (D:6)
16 creatures vanquished.

Grand Total: 206 creatures vanquished

Notes
Turn   | Place    | Note
-------+----------+-------------------------------------------
     0 | D:1      | Aquadorian the Octopode Berserker began the quest for the Orb.
     0 | D:1      | Reached XP level 1. HP: 16/16 MP: 1/1
    49 | D:1      | Reached XP level 2. HP: 21/21 MP: 2/2
   324 | D:1      | Reached skill level 4 in Short Blades
   426 | D:1      | Reached XP level 3. HP: 26/26 MP: 3/3
   750 | D:1      | Reached ** piety under Trog
  1147 | D:2      | Reached XP level 4. HP: 31/31 MP: 4/4
  1275 | D:2      | Reached skill level 5 in Short Blades
  1756 | D:2      | Reached XP level 5. HP: 33/36 MP: 5/5
  1951 | D:2      | Reached skill level 6 in Short Blades
  2416 | D:3      | Reached *** piety under Trog
  2610 | D:3      | Noticed Sagrath01's ghost (amateur DsWn)
  2613 | D:3      | Killed Sagrath01's ghost
  2613 | D:3      | Reached skill level 7 in Short Blades
  2613 | D:3      | Reached XP level 6. HP: 42/42 MP: 6/6
  2871 | D:3      | Noticed Blork the orc
  2877 | D:3      | Found a deep blue altar of Sif Muna.
  3793 | D:4      | Found Rumom's Magic Scroll Shoppe.
  4335 | D:5      | Entered Level 5 of the Dungeon
  4335 | D:5      | Noticed a phantom
  4348 | D:5      | Killed a phantom
  4348 | D:5      | Reached skill level 8 in Short Blades
  4348 | D:5      | Reached XP level 7. HP: 37/46 MP: 7/7
  4478 | D:5      | Found a sacrificial altar of Ru.
  4879 | D:5      | Reached **** piety under Trog
  4937 | D:5      | Reached skill level 9 in Short Blades
  5015 | D:5      | Found a glowing drain.
  5054 | Sewer    | Entered a sewer
  5308 | Sewer    | Reached XP level 8. HP: 33/52 MP: 8/8
  5758 | D:6      | Reached skill level 10 in Short Blades
  5821 | D:6      | Noticed Pikel
  5832 | D:6      | Killed Pikel
  5832 | D:6      | Reached skill level 11 in Short Blades
  6158 | D:6      | Noticed Menkaure
  6167 | D:6      | Killed Menkaure
  6167 | D:6      | Reached XP level 9. HP: 26/56 MP: 9/9
  6385 | D:6      | Found a staircase to the Ecumenical Temple.
  6561 | D:6      | Found a sparkling altar of Nemelex Xobeh.
  7194 | D:6      | Found Ukonteh's Armour Boutique.
  7224 | D:6      | Reached skill level 12 in Short Blades
  7293 | D:6      | Reached skill level 1 in Stealth
  7378 | D:6      | Found an opulent altar of Gozag.
  8133 | D:7      | Reached skill level 5 in Stealth
  8147 | D:7      | Slain by a gnoll

Vault maps used:
D:1:      minmay_arrival_checkered_box, minivault_27, hangedman_feature_mirror,
          hex_medium
D:3:      tgw_sif, nicolae_overflow_hidden_temple
D:4:      first_bread, serial_shops, kennysheep_little_box
D:5:      nicolae_ru_sacrificial_ziggurat, gup_sewer_entry_glass
D:6:      grunt_gozag_breadcrumbs, lemuel_doored_altar,
          nicolae_ossuary_entry_catacombs, serial_shops, kennysheep_mini_moat,
          uniq_menkaure, uniq_pikel
D:7:      kennysheep_seaside_town, grunt_ogre_cave, minmay_lizard_king,
          uniq_prince_ribbit1
Sewer:    sewer_frog_island_01

Skill      XL: |  1  2  3  4  5  6  7  8  9 |
---------------+----------------------------+-----
Short Blades   | 4 5 7 8 9 11 12 | 12.0
Stealth        | 5 |  5.1
Fighting       | |  3.0
Dodging        | |  3.0

Action                   |  1- 3 |  4- 6 |  7- 9 || total
-------------------------+-------+-------+-------++-------
Melee: Short sword       |    61 |   176 |   292 ||   529
       Constrict         |    19 |    43 |    45 ||   107
       Tentacles         |    14 |    38 |    74 ||   126
Invok: Berserk           |       |     1 |     2 ||     3
  Use: Scroll            |       |       |    12 ||    12
       Potion            |       |       |     2 ||     2
 Stab: Sleeping          |     9 |     9 |     5 ||    23
       Distracted        |     1 |     3 |     2 ||     6
  Eat: Chunk             |     1 |     9 |    17 ||    27
       Pizza             |       |     1 |     1 ||     2
       Bread ration      |       |       |     1 ||     1
Armor: Skin              |     1 |    10 |     6 ||    17
Dodge: Dodged            |    29 |    87 |    70 ||   186
Block: Buckler           |       |       |    28 ||    28
